 Dungeon Crawl Stone Soup version 0.17.0-23-g0de4337 (webtiles) character file.

161 JudasIscariot the Sneak (level 5, 0/32 HPs)
             Began as a Kobold Assassin on Nov 14, 2015.
             Slain by an orc
             ... wielding a +2 falchion of flaming
              (5 damage)
             ... on level 3 of the Dungeon.
             The game lasted 00:06:43 (2251 turns).

JudasIscariot the Sneak (Kobold Assassin)           Turns: 2251, Time: 00:06:43

Health: 0/32       AC:  4    Str:  9    XL:     5   Next: 70%
Magic:  5/5        EV: 16    Int:  9    God:
Gold:   170        SH:  0    Dex: 19    Spells: 0 memorised, 4 levels left

rFire  . . .     SeeInvis .     q - +3 dagger
rCold  . . .     Clarity  .     m - +0 leather armour
rNeg   . . .     SustAt   .     (shield restricted)
rPois  +         Gourm    .     (no helmet)
rElec  .         Spirit   .     d - +0 cloak
rCorr  .         Warding  .     (no gloves)
rMut   .         Stasis   .     (no boots)
MR     .....                    (no amulet)
Stlth  ++++......               (no ring)
                                h - ring of poison resistance

@: hasted, very quick, not resistant to hostile enchantments, stealthy
A: carnivore 3
a: no special abilities


You were on level 3 of the Dungeon.
You were completely stuffed.

You visited 1 branch of the dungeon, and saw 3 of its levels.

You collected 170 gold pieces.

Inventory:

Hand Weapons
 a - a +2 dagger
 b - a +0 blowgun
 q - a +3 dagger (weapon)
Missiles
 e - 7 poisoned needles
 f - 2 curare-tipped needles
 j - 7 needles of slowing
Armour
 c - a +0 robe
 d - a +0 cloak (worn)
 m - a +0 leather armour (worn)
Jewellery
 h - a ring of poison resistance (left hand)
Scrolls
 i - 2 scrolls of enchant armour {unknown}
 k - a scroll of teleportation {unknown}
 l - 5 scrolls of identify {unknown}
 t - a scroll of immolation {unknown}
Potions
 n - a potion of poison {unknown}
 r - a potion of agility {unknown}
 s - a potion of haste
Books
 p - a book of Maledictions

   Spells                             Type                      Level
   a - Corona                         Hexes                        1
   b - Ensorcelled Hibernation        Hexes/Ice                    2
   c - Confuse                        Hexes                        3
   d - Tukima's Dance                 Hexes                        3
   e - Dazzling Spray                 Conjuration/Hexes            3
Comestibles
 g - 2 meat rations
 o - 2 beef jerkies
 u - 5 chunks of flesh


   Skills:
 * Level 2.8 Fighting
 * Level 3.5 Short Blades
 + Level 2.3 Throwing
 + Level 0.8 Armour
 * Level 3.2 Dodging
 * Level 7.0 Stealth


You had 4 spell levels left.
You didn't know any spells.

Dungeon Overview and Level Annotations

Branches:
Dungeon (3/15)

Altars:
Makhleb
Vehumet
Xom
The Shining One


Innate Abilities, Weirdness & Mutations

You are small and have problems with some larger weapons.
You are carnivorous and can eat meat at any time.


Message History

The orc wizard closely misses you. The orc barely misses you.
Unknown command.
The orc wizard hits you but does no damage.
You hit the orc.
The orc is moderately wounded.
You hit the orc.
The orc is heavily wounded.
You closely miss the orc.
The orc is heavily wounded.
The orc wizard misses you.
The orc hits you with a falchion of flaming.
* * * LOW HITPOINT WARNING * * *
The orc burns you.
* * * LOW HITPOINT WARNING * * *
Drink which item? (? for menu, Esc to quit)
It was a potion of haste.
You feel yourself speed up. The orc wizard hits you with a dagger.
* * * LOW HITPOINT WARNING * * *
The orc hits you with a falchion of flaming.
You die...

#######+#.(..'............#
..........####)..####...###
........((.(.)....# #..[#
..................# #####
.........(........#
..................#
..................#
.........o........#
.........o@....)..#
.........###....###
.........# #....#
.........# #....#
.........# #....#
.........# #....#
########## ######


You could see an orc wizard and an orc.

Vanquished Creatures
  Ijyb (D:2)
  Natasha (D:3)
  5 adders
  An ooze (D:3)
  A worm (D:3)
  A giant gecko (D:2)
  4 orcs (D:3)
  4 bats
  2 giant cockroaches
  4 hobgoblins
  8 jackals
  A quokka (D:3)
  4 giant newts (D:1)
  9 goblins
  3 kobolds (D:1)
  10 rats
59 creatures vanquished.

Notes
Turn   | Place    | Note
--------------------------------------------------------------
     0 | D:1      | JudasIscariot the Kobold Assassin began the quest for the Orb.
     0 | D:1      | Reached XP level 1. HP: 12/12 MP: 1/1
   228 | D:1      | Reached XP level 2. HP: 18/18 MP: 2/2
   587 | D:1      | Reached XP level 3. HP: 22/22 MP: 3/3
   595 | D:1      | Found a glowing golden altar of the Shining One.
   925 | D:2      | Found a radiant altar of Vehumet.
   936 | D:2      | Found a burning altar of Makhleb.
  1015 | D:2      | Found a shimmering altar of Xom.
  1041 | D:2      | Reached skill level 6 in Stealth
  1073 | D:2      | Reached XP level 4. HP: 27/27 MP: 4/4
  1670 | D:2      | Noticed Ijyb
  1707 | D:2      | Killed Ijyb
  1741 | D:2      | Reached XP level 5. HP: 27/31 MP: 5/5
  1842 | D:3      | Noticed Natasha
  1845 | D:3      | Killed Natasha
  2178 | D:3      | Reached skill level 7 in Stealth
  2251 | D:3      | Slain by an orc

Action                   |  1- 3 |  4- 6 || total
-------------------------+-------+-------++-------
Melee: Dagger            |    81 |   138 ||   219
 Fire: Blowgun           |     6 |       ||     6
  Use: Potion            |       |     1 ||     1
 Stab: Sleeping          |    10 |     6 ||    16
       Distracted        |       |     1 ||     1
  Eat: Chunk             |     9 |     4 ||    13
